Map: Torches LE

Players

леха - Winner!

  • Race: Protoss Protoss
  • Spawn Location: 5:00

Etherodox

  • Race: Terran Terran
  • League: Master
  • Spawn Location: 1:00

VOD

Have the link to the VOD?

Description

Time

  • Played on: Sept. 5, 2025, 4:56 p.m.
  • Length: 8:57
Show
View Real Time Build Order
Export as new Build Order

леха Protoss - Winner!

Build Orders: 1 Gate Expand 

Get SALT Encoding   

  12  0:00  Probe  
  13  0:15  Pylon, Probe  
  14  0:23  Probe  
  15  0:31  Probe  
  16  0:39  Gateway  
  16  0:45  Probe  
  17  0:52  Assimilator  
  17  0:56  Probe  
  17  1:04  Probe  
  19  1:12  Probe  
  20  1:24  Probe  
  21  1:27  Cybernetics Core  
  21  1:39  Nexus  
  21  1:45  Pylon  
  21  1:56  Stalker  
  21  1:57  Assimilator  
  23  2:10  Warp Gate  
  23  2:22  Stalker  
  23  2:23  Probe  
  26  2:35  Probe  
  27  2:40  Pylon  
  27  2:54  Shield Battery  
  27  2:55  Probe x2  
  29  3:05  Twilight Council  
  29  3:07  Robotics Facility  
  29  3:14  Probe x2  
  31  3:26  Probe x2  
  33  3:38  Probe x2  
  35  3:46  Charge  
  35  3:48  Nexus  
  35  3:50  Probe, Immortal  
  36  4:02  Probe  
  41  4:03  Probe  
  41  4:08  Pylon  
  40  4:14  Probe  
  41  4:20  Gateway  
  41  4:21  Gateway  
  41  4:27  Immortal  
  41  4:28  Gateway  
  45  4:51  Probe x2  
  45  4:52  Pylon  
  47  4:57  Sentry  
  47  4:59  Probe  
  49  5:03  Probe  
  51  5:07  Probe  
  51  5:10  Robotics Bay  
  52  5:16  Immortal  
  52  5:17  Probe, Pylon  
  57  5:28  Assimilator  
  57  5:29  Probe  
  57  5:30  Assimilator  
  57  5:35  Shield Battery  
  58  5:41  Forge, Probe  
  59  5:43  Pylon  
  59  5:49  Observer  
  59  5:50  Probe x2  
  59  5:53  Probe  
  59  5:56  Zealot x2  
  59  5:57  Zealot x2  
  69  6:02  Probe  
  72  6:05  Probe  
  72  6:08  Pylon  
  73  6:16  Probe, Photon Cannon  
  74  6:20  Photon Cannon  
  74  6:24  Probe  
  74  6:29  Photon Cannon  
  75  6:33  Probe, Photon Cannon  
  75  6:34  Zealot x2  
  75  6:35  Zealot x2  
  75  6:37  Colossus  
  75  6:38  Protoss Ground Weapons Level 1  
  75  6:39  Gateway  
  84  6:40  Probe x2  
  84  6:44  Probe  
  87  6:51  Extended Thermal Lance  
  87  6:53  Blink  
  93  6:56  Probe  
  93  7:00  Probe x2, Gateway  
  96  7:08  Assimilator  
  97  7:15  Probe  
  97  7:16  Shield Battery  
  97  7:27  Probe, Zealot x2  
  97  7:28  Zealot x2  
  106  7:39  Probe  
  105  7:57  Zealot x2  
  109  8:02  Nexus  
  109  8:06  Pylon  
  109  8:09  Pylon  
  109  8:19  Dark Shrine  
  109  8:20  Templar Archives  
  115  8:28  Gateway  
  115  8:29  Gateway  
  115  8:31  Gateway  
  115  8:32  Robotics Facility  
  115  8:39  Nexus  
  115  8:41  Pylon  
  115  8:44  Zealot x4  
  115  8:45  Pylon, Zealot  
Show
View Real Time Build Order
Export as new Build Order

Etherodox Terran 

Build Orders:  

Get SALT Encoding   

  12  0:02  SCV  
  13  0:14  SCV  
  13  0:18  Supply Depot  
  14  0:26  SCV  
  15  0:40  Refinery, SCV  
  16  0:44  Barracks  
  16  0:52  SCV  
  17  1:04  SCV  
  18  1:16  SCV  
  19  1:40  Orbital Command  
  19  1:52  Command Center  
  20  1:54  Reaper  
  20  2:02  Supply Depot  
  19  2:08  Factory  
  19  2:14  SCV  
  20  2:26  Marine  
  20  2:28  SCV  
  22  2:41  SCV  
  23  2:44  Refinery  
  23  2:53  SCV  
  23  2:54  Barracks Tech Lab  
  23  2:57  Factory Reactor  
  24  3:05  SCV  
  25  3:06  Barracks  
  25  3:17  SCV  
  25  3:25  Marauder  
  27  3:29  SCV  
  27  3:31  Bunker  
  28  3:34  Widow Mine  
  29  3:47  Marauder  
  31  3:56  Marine  
  31  4:02  Widow Mine x2  
  36  4:09  Barracks Tech Lab  
  36  4:11  Orbital Command  
  36  4:16  SCV  
  37  4:21  Supply Depot  
  37  4:25  Supply Depot  
  37  4:28  SCV  
  37  4:30  Barracks Reactor  
  38  4:40  SCV  
  38  4:45  SCV  
  40  4:48  Concussive Shells  
  40  4:52  SCV  
  41  4:54  Hellion x2  
  41  4:57  SCV  
  46  5:04  SCV  
  46  5:07  Marine x2  
  47  5:09  Marauder, SCV  
  47  5:10  Supply Depot  
  52  5:16  SCV  
  52  5:20  Starport  
  53  5:21  SCV  
  53  5:23  Supply Depot x2  
  53  5:24  Marine  
  55  5:28  SCV  
  55  5:30  Supply Depot  
  56  5:35  Stimpack  
  56  5:36  Marine  
  56  5:37  Marauder, Factory Tech Lab  
  56  5:40  SCV  
  56  5:41  SCV  
  56  5:42  Marine  
  62  5:44  Refinery  
  62  5:47  Supply Depot  
  62  5:52  Supply Depot  
  62  5:54  SCV x2  
  64  6:03  Starport Reactor, Ghost Academy  
  64  6:06  SCV  
  64  6:08  Marine  
  64  6:09  Marauder  
  68  6:13  Marine  
  69  6:26  Command Center  
  69  6:32  Siege Tank  
  72  6:37  Personal Cloaking  
  72  6:39  Ghost  
  75  6:45  SCV  
  75  6:46  SCV  
  77  6:48  Supply Depot  
  77  6:52  Refinery  
  77  6:57  SCV, Marine x2  
  77  6:58  SCV  
  77  6:59  Medivac  
  83  7:02  Medivac  
  85  7:10  Engineering Bay  
  85  7:29  Viking  
  87  7:34  SCV x2  
  78  7:46  SCV x2  
  62  7:55  Marauder, Marine  
  62  7:56  Marine  
  62  7:58  SCV  
  67  8:06  Widow Mine  
  67  8:07  Medivac  
  71  8:12  Barracks  
  71  8:13  Marine  
  71  8:14  Barracks  
  71  8:16  Barracks  
  71  8:17  Marauder  
  71  8:18  Barracks  
  74  8:29  Marine  
  75  8:36  Armory  
  75  8:37  Refinery  
  75  8:40  SCV  
  75  8:41  SCV, Engineering Bay  
Tags
 
League
Master
Matchup
PvT
Spawn Locations
Close Positions
Add a new tag
Caveats
  • Supply blocks, unpowered buildings, or Contaminate may cause inaccurate times.
  • Supply counts are checked every 10 seconds.